AoeStats
← sakeone

Arabia

509188563Analyzed
2v2 RM · 7d ago on Sep 25, 2026· 43m 48s· 4 players
Game mode
Random Map
Map size
Medium (4 player)
Population
200
Speed
Normal
Resources
Standard
Victory
Conquest
Starting age
Dark Age
Ending age
Imperial Age
RankedLock teamsTeams togetherTeam positionsShared explorationLock speedFull tech treeHidden civsTurbo modeCheats
Victory
Defeat
🇩🇪 Ethiopians · Germany
908
+14
🇩🇪 Franks · Germany
881
+15
🇪🇸 Vikings · Spain
909
-16
🇪🇸 Romans · Spain
822
-13
sakeone
2:39 Loom
10:28 Feudal Age
10:54 Double-Bit Axe
13:41 Wheelbarrow
13:12 Horse Collar
15:47 Scale Barding Armor
16:02 Forging
18:17 Bloodlines
27:44 Castle Age
28:12 Light Cavalry
29:46 Husbandry
31:11 Chain Barding Armor
32:34 Iron Casting
37:45 Pikeman
41:04 Bow Saw
40:57 Heavy Plow
43:39 Hand Cart
xDakaaH
0:27 Loom
10:48 Feudal Age
13:04 Double-Bit Axe
15:32 Fletching
27:21 Castle Age
27:42 Crossbowman
29:00 Pikeman
30:00 Horse Collar
31:06 Bow Saw
31:45 Bodkin Arrow
31:50 Padded Archer Armor
32:55 Gold Mining
33:42 Scale Mail Armor
35:56 Gold Shaft Mining
43:12 Chain Mail Armor
43:13 Leather Archer Armor
Horak´n´roll
0:27 Loom
11:10 Feudal Age
12:50 Double-Bit Axe
15:09 Town Watch
21:41 Castle Age
20:57 Scale Barding Armor
22:05 Scale Mail Armor
22:41 Husbandry
23:45 Town Patrol
24:51 Chain Barding Armor
27:23 Wheelbarrow
27:04 Forging
29:18 Chain Mail Armor
29:29 Gold Mining
30:00 Bow Saw
30:28 Hand Cart
32:30 Stone Mining
33:00 Fletching
33:38 Pikeman
34:19 Squires
36:33 Masonry
36:20 Murder Holes
44:15 Imperial Age
42:42 Ballistics
44:19 Gold Shaft Mining
44:34 Iron Casting
43:42 Treadmill Crane
chris1935
7:23 Loom
11:11 Feudal Age
21:44 Double-Bit Axe
27:39 Scale Barding Armor
31:47 Castle Age
32:16 Padded Archer Armor
37:24 Chain Barding Armor
Connection lost

Rejoining the realm…

Still unreachable

The connection could not be restored.

Session expired

The server has moved on; the page needs a fresh start.